 Dungeon Crawl Stone Soup version 0.24-a0-205-g1d96822 (webtiles) character file.

Game seed: 9095101131561264051

30356 Azzok the Grappler (level 13, 0/104 HPs)
             Began as a Troll Transmuter on Mar 28, 2019.
             Was the Champion of Okawaru.
             Slain by a death scarab (3 damage)
             ... in a Gauntlet.
             The game lasted 00:35:02 (14561 turns).

Azzok the Grappler (Troll Transmuter)              Turns: 14561, Time: 00:35:03

Health: 0/104      AC: 17    Str: 25    XL:     13   Next: 20%
Magic:  19/19      EV: 10    Int:  9    God:    Okawaru [******]
Gold:   457        SH:  0    Dex: 10    Spells: 8/14 levels left

rFire    x . .     SeeInvis .     - Unarmed
rCold    + + .     Gourm    +   (no shield)
rNeg     . . .     Faith    .   K - +0 ice dragon scales
rPois    .         Spirit   .   O - +2 hat
rElec    .         Reflect  .   S - scarf {repulsion}
rCorr    .         Harm     .   (gloves unavailable)
MR       .....     NoTele   +   (boots unavailable)
Stlth    ++........             (no amulet)
HPRegen  0.67/turn              A - ring of stealth
MPRegen  0.16/turn              J - ring of wizardry

@: heroism, hasted and slowed, lightly drained, repel missiles
A: large, unfitting armour, claws 3, fast metabolism 3, gourmand, regeneration
1, shaggy fur 1, tough skin 3
a: Heroism, Finesse, Renounce Religion


You were in a Gauntlet.
You worshipped Okawaru.
Okawaru was exalted by your worship.
You were very full.

You visited 2 branches of the dungeon, and saw 16 of its levels.
You visited 1 bazaar.
You also visited: Gauntlet.

You collected 961 gold pieces.
You spent 504 gold pieces at shops.

Inventory:

Hand Weapons
 u - the +9 flail "Nosir" {freeze, rElec Dex+2}
   (You found it on level 5 of the Dungeon)

   It has been specially enchanted to freeze those struck by it, causing extra
   injury to most foes and up to half again as much damage against particularly
   susceptible opponents.
   It can also slow down cold-blooded creatures.
   It affects your dexterity (+2).
   It insulates you from electricity.
 E - a +0 hand axe of flaming
Missiles
 a - 289 arrows
 G - 2 throwing nets (quivered)
Armour
 C - a +0 troll leather armour
 F - a +0 cloak of invisibility
 K - +0 ice dragon scales (worn)
 O - a +2 hat (worn)
 S - a scarf of repulsion (worn)
Jewellery
 A - a ring of stealth (left claw)
 J - a ring of wizardry (right claw)
 P - an uncursed ring of positive energy
 Q - an uncursed ring of ice
Wands
 f - a wand of iceblast (10)
 i - a wand of digging (6)
 q - a wand of enslavement (8)
 r - a wand of polymorph (21)
 I - a wand of random effects (9)
 L - a wand of flame (26)
 N - a wand of paralysis (28)
Scrolls
 g - 3 scrolls of fear {unknown}
 h - 10 scrolls of remove curse
 j - 3 scrolls of fog {unknown}
 k - 9 scrolls of teleportation {unknown}
 n - 2 scrolls of magic mapping
 t - a scroll of noise {unknown}
 v - a scroll of enchant weapon
 y - a scroll of random uselessness {unknown}
 z - 3 scrolls of enchant armour
 D - 4 scrolls of amnesia
 M - a scroll of vulnerability {unknown}
Potions
 b - 3 potions of might
 c - 7 potions of curing
 e - a potion of ambrosia
 m - a potion of magic
 o - 2 potions of cancellation
 s - 4 potions of invisibility
 w - 2 potions of flight
 x - 2 potions of brilliance
 B - 2 potions of agility
 H - a potion of mutation {!q}
Comestibles
 d - 23 rations


   Skills:
 - Level 0.7(5.6) Fighting
   Level 1.0(5.9) Bows
 - Level 1.5(6.5) Dodging
 + Level 14.0(19.0) Unarmed Combat
 - Level 1.2 Spellcasting
 + Level 1.9(1.8) Charms
 + Level 2.3 Necromancy
 - Level 10.1(10.0) Transmutations
 - Level 10.0(9.9) Invocations
 + Level 2.1(2.0) Evocations


You had 8 spell levels left.
You knew the following spells:

 Your Spells              Type           Power        Failure   Level  Hunger
a - Beastly Appendage     Tmut           ###...       1%          1    ##.....
b - Sticks to Snakes      Tmut           ###.....     1%          2    ###....
c - Regeneration          Chrm/Necr      #.........   43%         3    ####...

Your spell library contained the following spells:

 Spells                   Type           Power        Failure   Level  Hunger
 Animate Skeleton         Necr           N/A          16%         1    ##.....
 Pain                     Necr           #...         16%         1    ##.....
 Spider Form              Tmut/Pois      #.........   16%         3    ####...
 Blade Hands              Tmut           ###.......   17%         5    ######.
 Corona                   Hex            #......      36%         1    ##.....
 Flame Tongue             Conj/Fire      #....        36%         1    ##.....
 Sting                    Conj/Pois      #...         36%         1    ##.....
 Vampiric Draining        Necr           #.........   41%         3    ####...
 Ice Form                 Ice/Tmut       #.......     43%         4    #####..
 Ensorcelled Hibernation  Hex/Ice        #.....       50%         2    ###....
 Poisonous Vapours        Pois/Air       #.....       50%         2    ###....
 Throw Flame              Conj/Fire      #.....       50%         2    ###....
 Confuse                  Hex            #.......     71%         3    ####...
 Conjure Flame            Conj/Fire      #.......     71%         3    ####...
 Dazzling Spray           Conj/Hex       #.....       71%         3    ####...
 Inner Flame              Hex/Fire       #.......     71%         3    ####...
 Mephitic Cloud           Conj/Pois/Air  #.......     71%         3    ####...
 Tukima's Dance           Hex            #.......     71%         3    ####...
 Animate Dead             Necr           N/A          80%         4    #####..
 Olgreb's Toxic Radiance  Pois           #.......     98%         4    #####..
 Sticky Flame             Conj/Fire      #.......     98%         4    #####..
 Fireball                 Conj/Fire      #.........   100%        5    ######.
 Venom Bolt               Conj/Pois      #.........   100%        5    ######.


Dungeon Overview and Level Annotations

Branches:
Dungeon (11/15)            Temple (0/1) D:7            Lair (5/6) D:8
 Shoals (0/4) Lair:3       Spider (0/4) Lair:2          Orc (0/2) D:9
  Slime: Lair:5-6

Altars:
Cheibriados
Fedhas
Kikubaaqudgha
Okawaru
Qazlal
Trog
Uskayaw
Wu Jian
Xom
Zin
The Shining One
Jiyva

Shops:
D:6 (   D:9 *

Annotations:
Lair:2 4 exclusions Gauntlet 3 transporters


Innate Abilities, Weirdness & Mutations

You are too large for most types of armour.
You have claws for hands.
Your metabolism is lightning-fast.
You like to eat raw meat.
Your natural rate of healing is unusually fast.
You are covered in fur. (AC +1)
You have extremely tough skin. (AC +3)


Message History

The death scarab is severely damaged.
The death scarab bites you.
* * * LOW HITPOINT WARNING * * *
The death scarab draws strength from your injuries!
The death scarab bites you.
* * * LOW HITPOINT WARNING * * *
The death scarab drains your vigour!
You feel as though you will be slow longer.
The death scarab draws strength from your injuries!
Okay, then.
You closely miss the death scarab. Your claw misses the death scarab.
The death scarab is heavily damaged.
The death scarab barely misses you.
You scratch the death scarab but do no damage.
The death scarab is heavily damaged.
The death scarab bites you but does no damage. x2
You closely miss the death scarab.
The death scarab is heavily damaged.
The death scarab bites you.
You die...

·P··▒·▒▒▒▒▒·▒·P··P··▒▒▒▒
PP♣·▒·······▒·♣PPP♣··≈≈▒
····▒···©···▒·········≈▒
▒▒▒▒▒▒▒▒▒▒▒▒▒▒▒▒▒▒▒▒···▒▒▒▒
········©·········©▒····≈≈▒
▒▒▒▒▒▒▒▒▒▒▒▒▒▒▒▒▒▒▒▒▒▒▒··≈▒
··▒···········▒·······▒···▒▒▒▒
··▒···▒≈▒≈▒···▒·▒··▒▒·▒·♣··≈≈▒
▒·▒·PP≈≈≈≈≈PP·▒·@s©▒▒·▒·PP··≈▒
▒·▒·♣P▒≈▒≈▒·♣·▒·▒▒▒···▒·♣····▒▒
·▒···≈≈≈≈≈···▒·▒▒▒···▒··PP··≈▒▒
·▒···▒≈▒≈▒···▒·▒▒▒···▒·♣PP··≈≈▒
·····▒··!©·"·▒···PP·≈▒
♣···▒▒▒▒▒▒▒▒▒▒▒▒▒·♣··▒▒
····▒©····©····©▒····≈▒
·▒▒▒▒▒▒▒▒▒▒▒▒▒▒▒▒▒▒▒·≈≈▒
u▒·▒t▒▒▒hbh▒·≈▒▒


You could see a death scarab.

Vanquished Creatures
  Gastronok (Lair:3)
  Harold (Lair:2)
  5 hydras
  A catoblepas (Lair:2)
  6 death yaks
  A spectral death yak (Gauntlet)
  A deep elf mage (D:10)
  A manticore (D:11)
  5 elephants (Lair:2)
  Maurice (D:7)
  A merfolk siren (Lair:3)
  A black mamba (Lair:2)
  A gargoyle (D:10)
  2 komodo dragons
  6 spiny frogs
  A polar bear (Lair:5)
  2 trolls
  A blink frog (Lair:5)
  2 hippogriffs
  6 flying skulls (Gauntlet)
  A wraith (D:11)
  Sigmund (D:4)
  20 yaks
  A vampire (D:9)
  A hungry ghost (D:9)
  A steam dragon (D:8)
  4 water moccasins
  2 black bears
  4 porcupines
  3 orc warriors
  3 ice beasts
  2 sky beasts
  A necrophage (D:10)
  7 ogres
  A phantom (D:4)
  10 wolves
  4 centaurs
  8 crocodiles
  A big kobold (D:5)
  4 bullfrogs
  A wyvern skeleton (D:6)
  3 scorpions
  A water moccasin skeleton (D:7)
  3 wights (D:11)
  5 jellies
  23 killer bees
  6 crimson imps
  8 howler monkeys
  2 bullfrog zombies
  A centaur zombie (D:6)
  8 hounds
  A bullfrog skeleton (D:10)
  12 orc priests
  9 orc wizards
  2 iguanas (D:5)
  Natasha (D:2)
  8 worker ants
  Ijyb (D:5)
  A mummy (D:6)
  A hound zombie (D:8)
  A howler monkey skeleton (D:6)
  3 gnolls (D:6)
  14 adders
  3 shadow imps
  7 oozes
  2 adder zombies (D:8)
  An adder skeleton (D:4)
  2 worms
  3 dart slugs
  4 leopard geckos
  47 orcs
  8 bats
  6 giant cockroaches
  8 goblins
  12 hobgoblins
  13 jackals
  3 quokkas
  3 frilled lizards
  10 kobolds
  A leopard gecko skeleton (D:5)
  A leopard gecko zombie (D:5)
  A quokka skeleton (D:6)
  8 rats
383 creatures vanquished.

Vanquished Creatures (others)
  A fungus (Lair:4)
1 creature vanquished.

Grand Total: 384 creatures vanquished

Notes
Turn   | Place    | Note
-------+----------+-------------------------------------------
     0 | D:1      | Azzok the Troll Transmuter began the quest for the Orb.
     0 | D:1      | Reached XP level 1. HP: 18/18 MP: 1/1
   230 | D:1      | Reached XP level 2. HP: 26/26 MP: 2/2
   507 | D:1      | Reached skill level 4 in Unarmed Combat
   711 | D:2      | Reached XP level 3. HP: 32/32 MP: 3/3
   809 | D:2      | Found a faded altar of an unknown god.
   853 | D:2      | Found an ancient bone altar of Kikubaaqudgha.
  1136 | D:2      | Noticed Natasha
  1141 | D:2      | Killed Natasha
  1141 | D:2      | Reached XP level 4. HP: 37/40 MP: 4/4
  1310 | D:2      | Found a deep blue altar of Sif Muna.
  1314 | D:2      | Reached skill level 5 in Unarmed Combat
  1317 | D:2      | Found a glowing golden altar of the Shining One.
  1317 | D:2      | Found a shimmering altar of Xom.
  1322 | D:2      | Found a shimmering altar of Xom.
  1322 | D:2      | Found a shattered altar of Ashenzari.
  1322 | D:2      | Found a glowing silver altar of Zin.
  1579 | D:3      | Reached XP level 5. HP: 44/46 MP: 5/5
  1616 | D:3      | Found an ornate altar of the Wu Jian Council.
  1634 | D:3      | Reached skill level 6 in Unarmed Combat
  1699 | D:3      | Learned a level 2 spell: Sticks to Snakes
  1808 | D:3      | Found a bloodstained altar of Trog.
  1865 | D:3      | Reached XP level 6. HP: 24/54 MP: 6/6
  2027 | D:3      | Found an iron altar of Okawaru.
  2036 | D:3      | Became a worshipper of Warmaster Okawaru
  2296 | D:3      | Found a blossoming altar of Fedhas.
  2503 | D:4      | Found a hide-covered altar of Uskayaw.
  2503 | D:4      | Noticed a +0 dagger
  2503 | D:4      | Noticed a +0 dagger
  2504 | D:4      | Noticed Sigmund
  2638 | D:4      | Killed Sigmund
  2638 | D:4      | Reached * piety under Okawaru
  2638 | D:4      | Reached skill level 7 in Unarmed Combat
  2638 | D:4      | Reached skill level 1 in Invocations
  2638 | D:4      | Reached XP level 7. HP: 60/61 MP: 7/7
  3034 | D:4      | Reached ** piety under Okawaru
  3208 | D:4      | Reached XP level 8. HP: 53/68 MP: 9/9
  3383 | D:5      | Entered Level 5 of the Dungeon
  3512 | D:5      | Reached skill level 8 in Unarmed Combat
  3718 | D:5      | Noticed Ijyb
  3730 | D:5      | Killed Ijyb
  3779 | D:5      | Found a snail-covered altar of Cheibriados.
  3859 | D:5      | Got a twisted flail
  4189 | D:5      | Identified the +9 flail "Nosir" {freeze, rElec Dex+2} (You
                  | found it on level 5 of the Dungeon)
  4449 | D:6      | Found a sand-covered staircase.
  4840 | D:6      | Found a glowing silver altar of Zin.
  5064 | D:6      | Found Mocaest's Antique Weapon Shop.
  5199 | D:6      | Reached *** piety under Okawaru
  5199 | D:6      | Reached skill level 5 in Transmutations
  5199 | D:6      | Reached XP level 9. HP: 55/75 MP: 11/11
  5323 | D:7      | Reached skill level 9 in Unarmed Combat
  5396 | D:7      | Found a staircase to the Ecumenical Temple.
  5406 | D:7      | Reached skill level 5 in Invocations
  6025 | D:7      | Noticed a troll
  6031 | D:7      | Killed a troll
  6267 | D:8      | Noticed Maurice
  6359 | D:8      | Reached **** piety under Okawaru
  6382 | D:7      | Killed Maurice
  6382 | D:7      | Reached skill level 10 in Unarmed Combat
  6519 | D:8      | Found a staircase to the Lair.
  6562 | D:8      | Found a glowing golden altar of the Shining One.
  6625 | D:8      | Reached XP level 10. HP: 82/83 MP: 13/13
  6844 | D:8      | Found a stormy altar of Qazlal.
  7310 | D:9      | Found Ydycvuymn's Changing Room.
  7343 | D:9      | Bought a potion of mutation for 96 gold pieces
  7458 | D:9      | Found a staircase to the Orcish Mines.
  7493 | D:9      | Learned a level 3 spell: Regeneration
  7840 | D:9      | Reached ***** piety under Okawaru
  7907 | D:10     | Entered Level 10 of the Dungeon
  7940 | D:10     | Noticed a gargoyle
  7944 | D:10     | Killed a gargoyle
  7944 | D:10     | Received a gift from Okawaru
  8029 | D:10     | Noticed a deep elf mage
  8045 | D:10     | Killed a deep elf mage
  8373 | D:10     | Reached skill level 11 in Unarmed Combat
  8389 | D:10     | Found a viscous altar of Jiyva.
  8566 | D:10     | Reached skill level 1 in Bows
  8597 | D:10     | Found a shimmering altar of Xom.
  8631 | D:10     | Received a gift from Okawaru
  8823 | D:11     | Noticed a manticore
  8852 | D:11     | Killed a manticore
  8852 | D:11     | Reached XP level 11. HP: 35/89 MP: 9/16
  8887 | D:11     | Found a flickering gateway to a bazaar.
  8896 | Bazaar   | Entered a bazaar
  8896 | Bazaar   | Found Guti's Distillery.
  8896 | Bazaar   | Found Noadd's Food Shoppe.
  8896 | Bazaar   | Found Bages's Armour Emporium.
  8896 | Bazaar   | Found Zaluilaf's Book Emporium.
  8896 | Bazaar   | Found Radurr's Armour Shoppe.
  8957 | Bazaar   | Bought a potion of heal wounds for 60 gold pieces
  8957 | Bazaar   | Bought a potion of magic for 96 gold pieces
  8957 | Bazaar   | Bought a potion of heal wounds for 60 gold pieces
  8957 | Bazaar   | Bought 2 potions of invisibility for 192 gold pieces
 10267 | Lair:1   | Entered Level 1 of the Lair of Beasts
 10493 | Lair:1   | Noticed a six-headed hydra
 10505 | Lair:1   | Killed a two-headed hydra
 10820 | Lair:1   | Received a gift from Okawaru
 10820 | Lair:1   | Reached skill level 12 in Unarmed Combat
 10829 | Lair:1   | Got a jewelled giant spiked club {god gift}
 11280 | Lair:2   | Noticed a death yak
 11297 | Lair:1   | Killed a death yak
 11339 | Lair:2   | Noticed a death yak
 11339 | Lair:2   | Noticed a death yak
 11378 | Lair:2   | Killed a death yak
 11386 | Lair:2   | Killed a death yak
 11386 | Lair:2   | Reached XP level 12. HP: 48/97 MP: 11/18
 11393 | Lair:2   | Received a gift from Okawaru
 11395 | Lair:2   | Reached ****** piety under Okawaru
 11565 | Lair:2   | Noticed a catoblepas
 11826 | Lair:2   | Noticed Harold
 11837 | Lair:2   | Killed Harold
 11837 | Lair:2   | Reached skill level 10 in Invocations
 12058 | Lair:2   | Killed a catoblepas
 12058 | Lair:2   | Received a gift from Okawaru
 12058 | Lair:2   | Reached skill level 13 in Unarmed Combat
 12353 | Lair:2   | Found a hole to the Spider Nest.
 12355 | Lair:2   | Identified the +2 giant spiked club of Okawaru's Envy
                  | {crush, Int+3 Stlth+} (Okawaru gifted it to you on level 1
                  | of the Lair of Beasts)
 12932 | Lair:3   | Noticed a five-headed hydra
 12943 | Lair:3   | Killed a five-headed hydra
 13003 | Lair:3   | Noticed Gastronok
 13022 | Lair:3   | Killed Gastronok
 13207 | Lair:3   | Noticed a four-headed hydra
 13216 | Lair:3   | Killed a four-headed hydra
 13216 | Lair:3   | Reached skill level 10 in Transmutations
 13633 | Lair:3   | Found a staircase to the Shoals.
 13991 | Lair:4   | Noticed a four-headed hydra
 14004 | Lair:4   | Killed a four-headed hydra
 14127 | Lair:4   | You fall through a shaft!
 14181 | Lair:5   | Noticed a death yak
 14181 | Lair:5   | Noticed a death yak
 14186 | Lair:5   | Killed a death yak
 14186 | Lair:5   | Reached skill level 1 in Necromancy
 14186 | Lair:5   | Reached skill level 1 in Evocations
 14190 | Lair:5   | Reached skill level 1 in Charms
 14190 | Lair:5   | Reached XP level 13. HP: 73/104 MP: 11/19
 14202 | Lair:5   | Received a gift from Okawaru
 14265 | Lair:5   | Reached skill level 14 in Unarmed Combat
 14269 | Lair:5   | Found a gate leading to a gauntlet.
 14276 | Gauntlet | Entered a Gauntlet
 14276 | Gauntlet | Found a transporter.
 14395 | Gauntlet | Found a transporter.
 14403 | Gauntlet | Found a transporter.
 14404 | Gauntlet | Found the amulet of the Four Winds {rN+ MR+++ Clar}
 14405 | Gauntlet | Found a transporter.
 14429 | Gauntlet | Found a transporter.
 14546 | Gauntlet | Found a transporter.
 14558 | Gauntlet | HP: 3/104 [death scarab (5)]
 14558 | Gauntlet | HP: 1/104 [death scarab (2)]
 14561 | Gauntlet | Slain by a death scarab

Levels and vault maps discovered:
D:1:      eino_arrival_cavern_c, layout_loops_cross
D:2:      layout_loops_ring, doesnt_xom_only_xom, old_standard_altar,
          chequers_ecumenical_altar_simple_redux, first_ration, uniq_natasha
D:3:      layout_rooms, fedhas_altar_fruit_tree, lemuel_doored_altar,
          overflow_temple_1_default, lemuel_round_altar, bh_walls_and_bars
D:4:      layout_loops_ring, dancing_weapons_uskayaw, uniq_sigmund
D:5:      layout_loops_ring, cheibriados_altar_1, uniq_ijyb
D:6:      layout_gridville, old_standard_altar, gup_ossuary_entry_pyramid,
          serial_shops, nicolae_shop_crystal
D:7:      layout_loops_cross, minmay_temple_entry_grid
D:8:      layout_cave_pools, kennysheep_mini, nicolae_qazlal_style_of_elements,
          dpeg_oklobed_lair, uniq_maurice
D:9:      layout_loops_ring, orc_0_dummy, nicolae_transmutations_shop
D:10:     layout_loops_ring, basic_altar, st_stairs_8,
          hangedman_little_slice_of_home
D:11:     layout_gridville, serial_shops, bzr_entry_water
Lair:1:   layout_regular_city, grunt_megastairs_3, serial_bayou_shore_b
Lair:2:   layout_chaotic_city, nicolae_spider_entry_orb_guardian,
          infiniplex_staircase_pool_2, serial_bayou_shore_b, uniq_harold
Lair:3:   layout_hall_layers, minmay_shoals_entry_lonely_mermaid, uniq_gastronok
Lair:4:   layout_regular_city
Lair:5:   layout_cave_pods, gauntlet_entry_generic, grunt_megastairs_2
Bazaar:   bazaar_minmay_row
Gauntlet: minmay_gauntlet_77_tree [minmay_gauntlet_arena_77_chump_sandwich,
          minmay_gauntlet_arena_77_two_lines,
          minmay_gauntlet_arena_77_block_sizes,
          minmay_gauntlet_arena_77_double_cross, minmay_gauntlet_arena_77_box,
          minmay_gauntlet_arena_77_terracotta_army,
          minmay_gauntlet_arena_77_broken_ladder, gauntlet_exit_spiral]

Skill      XL: |  1  2  3  4  5  6  7  8  9 10 11 12 13 |
---------------+----------------------------------------+-----
Unarmed Combat | 4 5 6 7 8 10 11 12 13 14 | 14.0
Transmutations | 2 3 5 6 7 8 10 | 10.1
Invocations    | 1 2 4 6 8 9 10 | 10.0
Bows           | 1 |  1.0
Necromancy     | 1 2 |  2.3
Evocations     | 1 2 |  2.1
Charms         | 1 |  1.9
Fighting       | |  0.7
Dodging        | |  1.5
Spellcasting   | |  1.2

Action                   |  1- 3 |  4- 6 |  7- 9 | 10-12 | 13-15 || total
-------------------------+-------+-------+-------+-------+-------++-------
Melee: Unarmed           |    74 |   144 |   412 |   649 |    70 ||  1349
       Punch             |       |     2 |    17 |    41 |     7 ||    67
       Hand axe          |       |       |       |     7 |       ||     7
       Flail             |       |       |       |    18 |     4 ||    22
 Cast: Sticks to Snakes  |       |       |       |     4 |       ||     4
Invok: Heroism           |       |       |     2 |    15 |     2 ||    19
       Finesse           |       |       |       |     3 |       ||     3
Evoke: Wand              |       |       |       |       |     1 ||     1
  Use: Scroll            |       |       |    10 |    15 |       ||    25
       Potion            |       |       |       |     3 |     3 ||     6
 Stab: Sleeping          |       |     1 |     1 |     5 |       ||     7
  Eat: Chunk             |    16 |    11 |    39 |    76 |     3 ||   145
Armor: Robe              |    31 |    40 |    87 |       |       ||   158
       Troll leather arm |       |       |    49 |   139 |       ||   188
       Skin              |       |       |       |    26 |       ||    26
       Ice dragon scales |       |       |       |   156 |    40 ||   196
Dodge: Dodged            |    25 |    68 |   164 |   275 |    34 ||   566

Table legend:
 A = Non-vault XP
 B = Vault XP
 C = Vault XP percentage of total XP
 D = Non-vault monster count
 E = Vault monster count
 F = Vault count percentage of total count
                 A         B        C        D         E       F
            +---------+---------+-------+---------+---------+-------
      Total |   32755 |   10611 |  24.5 |     353 |      30 |   7.8
            +---------+---------+-------+---------+---------+-------
        D:1 |      36 |       0 |   0.0 |      18 |       0 |   0.0
        D:2 |     104 |      35 |  25.2 |      23 |       1 |   4.2
        D:3 |     278 |       0 |   0.0 |      35 |       0 |   0.0
        D:4 |     805 |     212 |  20.8 |      26 |       1 |   3.7
        D:5 |     542 |      32 |   5.6 |      29 |       1 |   3.3
        D:6 |     926 |      21 |   2.2 |      25 |       1 |   3.8
        D:7 |    1513 |     462 |  23.4 |      28 |       1 |   3.4
        D:8 |     614 |       0 |   0.0 |      18 |       0 |   0.0
        D:9 |    1993 |       0 |   0.0 |      24 |       0 |   0.0
       D:10 |    2616 |     253 |   8.8 |      24 |       9 |  27.3
       D:11 |    4779 |       0 |   0.0 |      48 |       0 |   0.0
     Lair:1 |    3470 |     530 |  13.2 |      13 |       2 |  13.3
     Lair:2 |    7888 |    1039 |  11.6 |      20 |       1 |   4.8
     Lair:3 |    4054 |    2852 |  41.3 |      13 |       2 |  13.3
     Lair:4 |    1579 |       0 |   0.0 |       6 |       0 |   0.0
     Lair:5 |    1558 |    3007 |  65.9 |       3 |       4 |  57.1
   Gauntlet |       0 |    2168 | 100.0 |       0 |       7 | 100.0
            +---------+---------+-------+---------+---------+-------
